[Event "*** Qualifier 1: Titled Tuesday 3|2 Blitz"]
[Site "Chess.com"]
[Date "2017.04.04"]
[Round "7"]
[White "stepanosinovsky"]
[Black "BogdanDeac"]
[Result "0-1"]
[WhiteElo "2188"]
[BlackElo "2332"]
[TimeControl "180+2"]
[EndTime "14:38:17 PDT"]
[Termination "BogdanDeac won by resignation"]

1. e4 g6 2. d4 Bg7 3. g3 c5 4.
Ne2 cxd4 5. Nxd4 Nc6 6. Nb3 Nf6 7. Bg2 O-O 8. O-O d6 9. Nc3 Be6 10. Bg5 Rc8 11. f4 Bc4 12. Re1 h6 13. Bh4 Nh7 14.
g4 g5 15. Bg3 gxf4 16. Bxf4 Ne5 17. Kh1 Ng5 18. Qd2 Nxg4 19. h3 Ne5 20. h4 Ne6 21. Bxh6 Kh7 22. Bxg7 Nxg7 23. Rg1 e6 24. Qf2 Ng4 25.
Qg3 f5 26. exf5 exf5 27. Be4 Kh8 28. Bxf5 Nxf5 29. Qxg4 Qxh4+ 30. Qxh4+ Nxh4 31. Rad1 Rc7 32. Rd4 Nf3 33. Rf1 Bxf1 0-1

[Event "*** Qualifier 1: Titled Tuesday 3|2 Blitz"]
[Site "Chess.com"]
[Date "2017.04.04"]
[Round "7"]
[White "jncool68"]
[Black "daro94"]
[Result "0-1"]
[WhiteElo "2535"]
[BlackElo "2708"]
[TimeControl "180+2"]
[EndTime "14:38:33 PDT"]
[Termination "daro94 won by resignation"]

1. e4 e5 2. Nf3 Nc6 3. Bb5 Nf6 4.
O-O Nxe4 5. d4 Nd6 6. dxe5 Nxb5 7. a4 Nbd4 8. Nxd4 d5 9. exd6 Bxd6 10. Nb5 Be5 11. Qxd8+ Kxd8 12. Rd1+ Bd7 13. Ra3 Kc8 14. Re3 Bf6 15. b3 a6 16. N5c3 Nb4 17. Re2 Bf5 18. Ne4 Bxe4 19. Rxe4 Nxc2 20. Rc4 Na1 21. Nd2 Rd8 22. Re1 b5 23. Rc6 Kb7 24. Rc5 Rxd2 25. Bxd2 Nxb3 26. Rd5 Nxd2 27. axb5 axb5 28. Rxb5+ Kc6 29.
Rb4 Ra1 30. Rxa1 Bxa1 31. f3 Kd5 32. Kf2 Nc4 33. Ke2 Be5 34. Kd3 Nd6 35. Rh4 h6 36. Rg4 c5 0-1

[Event "*** Qualifier 1: Titled Tuesday 3|2 Blitz"]
[Site "Chess.com"]
[Date "2017.04.04"]
[Round "7"]
[White "Maung-Mg-KZH"]
[Black "SantoBlue"]
[Result "1-0"]
[WhiteElo "2340"]
[BlackElo "2538"]
[TimeControl "180+2"]
[EndTime "14:38:54 PDT"]
[Termination "Maung-Mg-KZH won by resignation"]

1. Nf3 Nf6 2. c4 e6 3. Nc3 b6 4. d4 Bb7 5. Bg5 Bb4 6. Rc1 h6 7.
Bf4 d6 8. e3 Ne4 9. Qa4+ Nc6 10. Bd3 Bxc3+ 11. bxc3 Nf6 12. d5 exd5 13. cxd5 Nxd5 14.
Be4 Ne7 15. O-O O-O 16. Rfd1 Qe8 17. Qc2 Na5 18. Bh7+ Kh8 19. Bd3 Ng6 20. Nd4 Ne5 21. Bb5 Qe7 22. Rb1 Nac4 23. Qa4 Na5 24. Qc2 Qf6 25. Be2 Qg6 26. Qxg6 Nxg6 27. Bg3 a6 28. Rb4 c5 29. Rxb6 cxd4 30. Bxd6 Rfd8 31. Bb4 dxc3 32.
Bxa5 Rxd1+ 33. Bxd1 Rd8 34. Rb1 Be4 35. Rc1 Rd2 36.
Bxc3 Rxa2 37. Bb3 Ra3 38. Bxf7 a5 39. Bb2 Rd3 40. Rc8+ Kh7 41. Bg8+ Kh8 42. Bc4+ Kh7 43. Bxd3 Bxd3 44. Rc7 1-0

[Event "*** Qualifier 1: Titled Tuesday 3|2 Blitz"]
[Site "Chess.com"]
[Date "2017.04.04"]
[Round "7"]
[White "gmcorrales"]
[Black "evgenyermolaev"]
[Result "1-0"]
[WhiteElo "2577"]
[BlackElo "2369"]
[TimeControl "180+2"]
[EndTime "14:38:56 PDT"]
[Termination "gmcorrales won by resignation"]

1. e4 c5 2. Nf3 d6 3. Bb5+ Nd7 4. c3 Nf6 5. Qe2 a6 6. Ba4 b5 7. Bc2 e5 8. O-O Be7 9. h3 O-O 10. a4 Bb7 11. Na3 Nb6 12. Re1 Nxa4 13. Bxa4 bxa4 14. d3 Nd7 15. c4 Nb8 16. Nb1 Nc6 17. Nc3 Nd4 18. Nxd4 cxd4 19. Nd5 Bc6 20. Qg4 Kh8 21.
f4 Bxd5 22. cxd5 Qa5 23. Rf1 f5 24. exf5 Qxd5 25. fxe5 dxe5 26. Rxa4 Qb5 27. Rc4 Bf6 28. Bg5 Rac8 29. Rfc1 Rxc4 30. Rxc4 Qb6 31. Bxf6 Qxf6 32.
Rc7 h6 33. Kh2 Rf7 34. Rxf7 Qxf7 35. Qe4 Qe8 36. Qb7 Qb5 37. Qxb5 axb5 38. Kg3 Kg8 39. Kf3 Kf7 40. Ke4 Kf6 41. b4 h5 42. h4 g5 43.
fxg6 1-0

[Event "*** Qualifier 1: Titled Tuesday 3|2 Blitz"]
[Site "Chess.com"]
[Date "2017.04.04"]
[Round "7"]
[White "ka1ser64"]
[Black "donotreadit"]
[Result "0-1"]
[WhiteElo "2326"]
[BlackElo "2481"]
[TimeControl "180+2"]
[EndTime "14:39:03 PDT"]
[Termination "donotreadit won by checkmate"]

1. d4 d6 2. Nf3 g6 3. c4 Bg4 4.
Nc3 Bxf3 5. exf3 c6 6. Bd3 Bg7 7. Be3 Nd7 8. O-O e6 9. Rb1 d5 10. c5 Ne7 11. b4 e5 12. dxe5 Nxe5 13. Ne2 a6 14. a4 O-O 15. b5 axb5 16. axb5 Ra3 17.
Bc2 Nc4 18. Bd4 Qd7 19. Bxg7 Kxg7 20. Qd4+ f6 21. Rfe1 Rf7 22. Nf4 Nf5 23. Ne6+ Qxe6 24.
Qf4 Qd7 25. bxc6 bxc6 26. Rb8 Qc7 27. Qxc7 Rxc7 28. Bxf5 gxf5 29. h4 Ne5 30. f4 Ng6 31. g3 Re7 32. Reb1 Raa7 33. h5 Nf8 34. Kg2 Ne6 35.
Rc8 Rac7 36. Ra8 Nxc5 37. Rbb8 Kh6 38. f3 d4 39. Kh3 Nd3 40. Kh4 Re1 41. g4 Nxf4 42. Rf8 Nd5 43. Rg8 Rg7 44. Rgc8 fxg4 45. fxg4 Re4 46. Rxc6 Rexg4+ 47. Kh3 Nf4+ 48. Kh2 Rh4# 0-1

[Event "*** Qualifier 1: Titled Tuesday 3|2 Blitz"]
[Site "Chess.com"]
[Date "2017.04.04"]
[Round "7"]
[White "Schemato"]
[Black "peteseeger"]
[Result "1-0"]
[WhiteElo "2240"]
[BlackElo "2101"]
[TimeControl "180+2"]
[EndTime "14:39:03 PDT"]
[Termination "Schemato won by checkmate"]

1. c4 f5 2. g3 Nf6 3. Bg2 g6 4. Nf3 Bg7 5. O-O O-O 6. Nc3 d6 7.
d3 Nc6 8. e4 e5 9. Bg5 Be6 10. Nd5 Qd7 11. Qd2 f4 12. gxf4 Nh5 13.
fxe5 dxe5 14. Nh4 Nd4 15. f4 exf4 16. Nxf4 Nxf4 17. Bxf4 Rf7 18. Be3 Raf8 19. Rxf7 Rxf7 20. Rf1 Rxf1+ 21. Kxf1 Bg4 22. b3 Be2+ 23. Kg1 Bxd3 24. Nf3 Nxf3+ 25. Bxf3 Qd6 26. e5 Bxe5 27. Bd5+ Kg7 28. Bh6+ Kf6 29. Qg5# 1-0

[Event "*** Qualifier 1: Titled Tuesday 3|2 Blitz"]
[Site "Chess.com"]
[Date "2017.04.04"]
[Round "7"]
[White "hypert"]
[Black "politeplayer"]
[Result "1-0"]
[WhiteElo "2260"]
[BlackElo "2093"]
[TimeControl "180+2"]
[EndTime "14:39:09 PDT"]
[Termination "hypert won by checkmate"]

1. e4 c5 2. Nf3 Nc6 3. Bb5 d6 4.
O-O Bd7 5. c3 Nf6 6. Re1 a6 7. Ba4 b5 8. Bc2 Bg4 9. h3 Bh5 10. d3 e6 11. Nbd2 Be7 12. Nf1 O-O 13. Ng3 Bg6 14. a4 b4 15. d4 bxc3 16. bxc3 cxd4 17.
cxd4 Nb4 18. Bb1 a5 19. Nh4 Rc8 20. Nxg6 hxg6 21. Bd2 d5 22. e5 Nd7 23. Ne2 Nb6 24.
Nc3 Nc4 25. Nb5 Qd7 26. g3 Nxd2 27. Qxd2 Rc4 28. h4 Nc6 29. Rd1 Bb4 30. Qd3 Ne7 31. h5 Nf5 32. Kg2 gxh5 33. Qe2 g6 34. Bd3 Rcc8 35.
Rab1 Kg7 36. Rh1 Bc3 37. g4 hxg4 38. Qxg4 Rh8 39. Bxf5 exf5 40. Qg5 Bb4 41. Qf6+ Kg8 42. Rxh8# 1-0

[Event "*** Qualifier 1: Titled Tuesday 3|2 Blitz"]
[Site "Chess.com"]
[Date "2017.04.04"]
[Round "7"]
[White "rithwik2002"]
[Black "Aragon"]
[Result "1-0"]
[WhiteElo "1815"]
[BlackElo "2001"]
[TimeControl "180+2"]
[EndTime "14:39:10 PDT"]
[Termination "rithwik2002 won by resignation"]

1. e4 c5 2. Nf3 e6 3. d4 cxd4 4. Nxd4 a6 5. Nc3 Qc7 6. Be3 Bb4 7. Qd2 Nf6 8. f3 d5 9. Bd3 e5 10. Nde2 d4 11. Nxd4 exd4 12. Bxd4 Nbd7 13. O-O Bc5 14.
Bxc5 Qxc5+ 15. Kh1 O-O 16. f4 b5 17. e5 Ng4 18. Rae1 Nb6 19. h3 Nh6 20. f5 Bb7 21. f6 Qc6 22. Be4 Qc7 23. Qg5 Nf5 24. Bxf5 g6 25.
Qh6 Bxg2+ 26. Kxg2 Qc6+ 27. Be4 Qxf6 28. exf6 1-0

[Event "*** Qualifier 1: Titled Tuesday 3|2 Blitz"]
[Site "Chess.com"]
[Date "2017.04.04"]
[Round "7"]
[White "Robin-Side"]
[Black "GeorgMeier"]
[Result "0-1"]
[WhiteElo "2410"]
[BlackElo "2709"]
[TimeControl "180+2"]
[EndTime "14:39:14 PDT"]
[Termination "GeorgMeier won on time"]

1. d4 e6 2. c4 Nf6 3. Nc3 d5 4.
cxd5 exd5 5. Bg5 c6 6. e3 h6 7.
Bh4 Bf5 8. Qf3 Bg6 9. Bxf6 Qxf6 10. Qxf6 gxf6 11. Nf3 Nd7 12. Nh4 Nb6 13. Ne2 Bb4+ 14. Kd1 Nc4 15. Nxg6 fxg6 16. Kc2 Kf7 17. Nf4 Bd6 18.
Nd3 a5 19. Be2 f5 20. b3 Na3+ 21. Kb2 Nb5 22. f4 Ba3+ 23. Kc2 Nd6 24. Ne5+ Kf6 25. Bd3 h5 26. h4 Rh7 27. Rh3 Rc8 28. Rg3 Rg7 29. Kd2 c5 30. Ke2 c4 31. bxc4 dxc4 32. Bc2 b5 33. Rb1 Rcc7 34. Rg5 b4 35. Rg3 a4 36.
Bxa4 Ne4 37. Kf3 Nd2+ 0-1

[Event "*** Qualifier 1: Titled Tuesday 3|2 Blitz"]
[Site "Chess.com"]
[Date "2017.04.04"]
[Round "7"]
[White "macko06"]
[Black "StoreySniper"]
[Result "1-0"]
[WhiteElo "2332"]
[BlackElo "2224"]
[TimeControl "180+2"]
[EndTime "14:39:20 PDT"]
[Termination "macko06 won by resignation"]

1. d4 g6 2. Nf3 Bg7 3. Bf4 c5 4. e3 cxd4 5. exd4 Nf6 6. c3 d5 7.
Bd3 Nc6 8. O-O O-O 9. Nbd2 Bf5 10.
Bxf5 gxf5 11. Ne5 e6 12. Nxc6 bxc6 13. Be5 Kh8 14. Qf3 Rg8 15. Qh3 Ne4 16. Bxg7+ Rxg7 17. Nxe4 fxe4 18. Rae1 Qg5 19. Re2 Rag8 20. f3 f5 21. g3 f4 22. fxe4 fxg3 23. hxg3 Qxg3+ 24. Qxg3 Rxg3+ 25.
Kf2 Rg2+ 26. Ke1 Rxe2+ 27. Kxe2 Rg2+ 28. Rf2 Rxf2+ 29. Kxf2 Kg7 30. e5 a5 31. Kf3 Kg6 32.
Kf4 h5 33. b3 h4 34. a4 h3 35. Kg3 Kf5 36. b4 axb4 37. cxb4 Ke4 38. a5 Kxd4 39. a6 c5 40. bxc5 h2 41. Kxh2 1-0

[Event "*** Qualifier 1: Titled Tuesday 3|2 Blitz"]
[Site "Chess.com"]
[Date "2017.04.04"]
[Round "7"]
[White "Aygehovit1992"]
[Black "michaelk123"]
[Result "0-1"]
[WhiteElo "2424"]
[BlackElo "2231"]
[TimeControl "180+2"]
[EndTime "14:39:21 PDT"]
[Termination "michaelk123 won by resignation"]

1. d4 Nf6 2. Nc3 d5 3. Bf4 c5 4. e3 Nc6 5. Nf3 cxd4 6. exd4 Bg4 7.
Bb5 e6 8. h3 Bxf3 9. Qxf3 Bd6 10. Bxc6+ bxc6 11. O-O O-O 12. Na4 Ne4 13. Bxd6 Qxd6 14.
Qd1 Rab8 15. c3 Qc7 16. b4 a5 17. a3 h6 18. Re1 Qf4 19. f3 Ng5 20. Nc5 axb4 21.
axb4 Ra8 22. Qe2 Qg3 23. Kh1 Rfe8 24. Qe5 Qf2 25. Rxa8 Rxa8 26. Qe3 Qb2 27. f4 Nh7 28. Re2 Ra1+ 29. Kh2 Qb1 30. Nxe6 Nf6 31. Nc5 Nh5 0-1

[Event "*** Qualifier 1: Titled Tuesday 3|2 Blitz"]
[Site "Chess.com"]
[Date "2017.04.04"]
[Round "7"]
[White "jcgs1030"]
[Black "CalinGheorghiu"]
[Result "1-0"]
[WhiteElo "2293"]
[BlackElo "2239"]
[TimeControl "180+2"]
[EndTime "14:39:22 PDT"]
[Termination "jcgs1030 won on time"]

1. e4 e6 2. d4 d5 3. Nc3 Nf6 4.
e5 Nfd7 5. f4 c5 6. Nf3 Be7 7.
Be3 b6 8. Qd2 O-O 9. g4 a5 10. Kf2 Ba6 11. Bg2 Nc6 12. h4 b5 13.
Ne2 f6 14. Kg3 fxe5 15. dxe5 d4 16. Bf2 Nb6 17. Ng5 Nd5 18. Nxe6 Qd7 19. Nxf8 Rxf8 20. c3 b4 21. cxd4 Bxe2 22. Qxe2 Nxf4 23. Qc4+ Kh8 24.
Be4 h5 25. Bf3 hxg4 26. Bxg4 Qe8 27. Be3 Qg6 28. Bxf4 cxd4 29. Raf1 1-0

[Event "*** Qualifier 1: Titled Tuesday 3|2 Blitz"]
[Site "Chess.com"]
[Date "2017.04.04"]
[Round "7"]
[White "larso"]
[Black "iturrizaga"]
[Result "0-1"]
[WhiteElo "2437"]
[BlackElo "2657"]
[TimeControl "180+2"]
[EndTime "14:39:26 PDT"]
[Termination "iturrizaga won by resignation"]

1. d4 Nf6 2. Bf4 b6 3. e3 Bb7 4. Nf3 g6 5. Be2 Bg7 6. O-O O-O 7. h3 e6 8. c4 d6 9. Nc3 Qe7 10. Qc2 Nbd7 11. Bh2 a6 12. e4 e5 13. d5 a5 14. a3 a4 15. Nd2 Nc5 16. Kh1 Nfd7 17. Nb5 Qd8 18. Bg4 h5 19. Be2 Ba6 20. Rad1 Bh6 21. Nb1 Bxb5 22. cxb5 f5 23. exf5 Rxf5 24. Nc3 Qf6 25. f3 h4 26. Ne4 Qe7 27. Qc4 Be3 28.
Bg1 Bxg1 29. Kxg1 Rf4 30. Qc2 Nxe4 31. fxe4 Nc5 32. Rxf4 exf4 33. e5 Qxe5 34. Qxg6+ Qg7 35. Qxg7+ Kxg7 36. Rd4 Re8 37. Kf1 Re4 38. Rd2 Kf6 39.
Bf3 Re3 40. Rd4 Ke5 41. Rc4 Rb3 42. Rc2 Rxb5 43. Ke2 Rb3 44. Kd2 b5 45. Ke2 Kd4 46. Rd2+ Nd3 0-1

[Event "*** Qualifier 1: Titled Tuesday 3|2 Blitz"]
[Site "Chess.com"]
[Date "2017.04.04"]
[Round "7"]
[White "Rock700chess"]
[Black "TooOldTooSlow70"]
[Result "1-0"]
[WhiteElo "2235"]
[BlackElo "2293"]
[TimeControl "180+2"]
[EndTime "14:39:31 PDT"]
[Termination "Rock700chess won on time"]

1. e4 e5 2. Nf3 d6 3. Bc4 Nf6 4. d3 Be7 5. c3 O-O 6. Bb3 c6 7. Qe2 Nbd7 8. Nbd2 Re8 9. Bxf7+ Kxf7 10. Ng5+ Kg8 11. Ne6 Qb6 12. Nc4 Bd8 13. Nxb6 Bxb6 14.
Ng5 d5 15. O-O h6 16. Nf3 Nc5 17. exd5 cxd5 18. Nxe5 d4 19. cxd4 Ne6 20. Nc4 Nxd4 21. Qd1 Bg4 22. Qa4 Bc7 23. Be3 b5 24. Qa6 Ne2+ 25.
Kh1 bxc4 26. Qxc4+ Kh7 27. Qxc7 Rac8 28. Qxa7 Rcd8 29.
h3 Bf5 30. d4 Nh5 31. Qc5 Rf8 32. Rae1 Neg3+ 33. fxg3 Nxg3+ 34. Kh2 Nxf1+ 35. Rxf1 g6 36. g4 Rde8 37. gxf5 1-0

[Event "*** Qualifier 1: Titled Tuesday 3|2 Blitz"]
[Site "Chess.com"]
[Date "2017.04.04"]
[Round "7"]
[White "TheNextLevelFan"]
[Black "PowerThinking2650"]
[Result "1-0"]
[WhiteElo "2382"]
[BlackElo "2186"]
[TimeControl "180+2"]
[EndTime "14:39:39 PDT"]
[Termination "TheNextLevelFan won by resignation"]

1. d4 Nf6 2. c4 g6 3. Nc3 Bg7 4.
Nf3 O-O 5. g3 d6 6. Bg2 Nbd7 7.
O-O e5 8. e4 exd4 9. Nxd4 Re8 10. Re1 Nc5 11. h3 a5 12. b3 Bd7 13. Bb2 Qc8 14.
Kh2 Re5 15. g4 Bxg4 16. hxg4 Nxg4+ 17. Kg1 Qd8 18. Qxg4 Nd3 19. Qe2 Nxb2 20. Qxb2 Rh5 21.
Nf3 g5 22. Re3 g4 23. Nh2 Qh4 24. Nf1 Be5 25. Rg3 Bxg3 26. fxg3 Qf6 27. Rc1 a4 28. Nxa4 Qxb2 29. Nxb2 Rxa2 30. Nd3 b5 31. Nf4 Rc5 32. Nd3 Rg5 33. Ne3 bxc4 34. Rxc4 Re2 35. Nf5 d5 36. Rxc7 h5 37. Nf4 dxe4 38. Nh6+ Kg7 39. Nxe2 1-0

[Event "*** Qualifier 1: Titled Tuesday 3|2 Blitz"]
[Site "Chess.com"]
[Date "2017.04.04"]
[Round "7"]
[White "Osensei"]
[Black "Kawhi_Leonard2"]
[Result "1-0"]
[WhiteElo "1499"]
[BlackElo "2179"]
[TimeControl "180+2"]
[EndTime "14:39:43 PDT"]
[Termination "Osensei won on time"]

1. e4 c5 2. Nf3 d6 3. d4 cxd4 4.
Nxd4 Nf6 5. f3 Nc6 6. c4 Nxd4 7. Qxd4 g6 8. Be3 Bg7 9. Nc3 O-O 10. Qd2 Be6 11.
Be2 Qa5 12. Bd4 Rfc8 13. b3 a6 14. O-O b5 15. cxb5 axb5 16. Rac1 b4 17. Na4 Nd7 18. Bxg7 Kxg7 19. f4 Kg8 20. f5 gxf5 21. Qg5+ Kf8 22.
exf5 Bd5 23. Qh6+ Kg8 24. f6 Nxf6 25. Rxf6 exf6 26. Rxc8+ Rxc8 27. Bd3 Qa7+ 28. Kf1 f5 29.
Bxf5 1-0

[Event "*** Qualifier 1: Titled Tuesday 3|2 Blitz"]
[Site "Chess.com"]
[Date "2017.04.04"]
[Round "7"]
[White "biostatistician"]
[Black "Fiona"]
[Result "1-0"]
[WhiteElo "2465"]
[BlackElo "2211"]
[TimeControl "180+2"]
[EndTime "14:39:44 PDT"]
[Termination "biostatistician won by resignation"]

1. d4 d6 2. Nf3 g6 3. c4 Bg7 4.
Nc3 f5 5. e4 fxe4 6. Nxe4 Nf6 7. Bd3 O-O 8. O-O Nbd7 9. Neg5 Nb8 10. Re1 c6 11. Ne6 Bxe6 12. Rxe6 Na6 13. Qe2 Rf7 14. Ng5 Nc7 15. Nxf7 Kxf7 16. Re3 Qd7 17. Bd2 Re8 18. Re1 e6 19. Rf3 Kg8 20. Bg5 Rf8 21.
Qd2 Nh5 22. Rxf8+ Bxf8 23. Bh6 Ng7 24. Qe3 Qf7 25. h3 Be7 26. Bg5 Bf8 27. b3 Nf5 28. Bxf5 Qxf5 29. Bf4 Kf7 30. Bg3 Ne8 31. Qe4 Nf6 32. Qxf5 exf5 33. Bf4 Ne4 34. f3 Nf6 35. g4 fxg4 36. fxg4 h6 37. Kg2 g5 38. Bg3 d5 39.
Be5 Ne4 40. Rf1+ Ke8 41. c5 Be7 42. b4 Bd8 43. a4 Ke7 44. b5 Ke6 45. Rf8 Be7 46.
Rh8 cxb5 47. axb5 a5 48. bxa6 bxa6 49. Ra8 1-0

[Event "*** Qualifier 1: Titled Tuesday 3|2 Blitz"]
[Site "Chess.com"]
[Date "2017.04.04"]
[Round "7"]
[White "Usurpov"]
[Black "jposthuma"]
[Result "1-0"]
[WhiteElo "2287"]
[BlackElo "2230"]
[TimeControl "180+2"]
[EndTime "14:39:46 PDT"]
[Termination "Usurpov won by resignation"]

1. e4 c6 2. d4 d5 3. Nc3 dxe4 4.
Nxe4 Nf6 5. Nxf6+ gxf6 6. c3 Qd5 7. Nf3 Rg8 8. g3 Bg4 9. Bg2 Nd7 10. h3 Bh5 11.
Be3 O-O-O 12. g4 Qb5 13. Qe2 Qxe2+ 14. Kxe2 f5 15. gxh5 Rxg2 16. Rag1 Rxg1 17. Rxg1 f6 18. Rg8 e6 19. Rh8 Nb6 20. Rxh7 Na4 21. Rf7 Nxb2 22. h6 Nc4 23. h7 Nd6 24. h8=Q Nxf7 25. Qxf6 Nd6 26. Qxe6+ Kc7 27. Ne5 Re8 28. Qf6 Be7 29.
Qg6 b5 30. Bf4 Kb6 31. Nd7+ Kc7 32. Qxe8 1-0

[Event "*** Qualifier 1: Titled Tuesday 3|2 Blitz"]
[Site "Chess.com"]
[Date "2017.04.04"]
[Round "7"]
[White "MITerryble"]
[Black "severomorskij"]
[Result "1/2-1/2"]
[WhiteElo "2750"]
[BlackElo "2662"]
[TimeControl "180+2"]
[EndTime "14:39:50 PDT"]
[Termination "Game drawn by repetition"]

1. d4 Nf6 2. Nf3 e6 3. c4 d5 4.
Nc3 Bb4 5. e3 c5 6. Bd2 cxd4 7.
Nxd4 O-O 8. a3 Bxc3 9. Bxc3 Ne4 10. Qc2 Nxc3 11. Qxc3 dxc4 12. Bxc4 Bd7 13. O-O Nc6 14.
Rfd1 Qe7 15. Nxc6 Bxc6 16. Qb4 Qxb4 17. axb4 a6 18. f3 Rfd8 19. Kf2 Kf8 20. Ke1 Ke7 21. Rac1 h6 22. Rxd8 Kxd8 23. Be2 Kc7 24. b5 axb5 25. Bxb5 Ra2 26. Rc2 Kd6 27. Rd2+ Ke7 28. Bxc6 bxc6 29. Kd1 Ra5 30. Kc2 f5 31. Rd3 g5 32. Ra3 Rb5 33. Ra7+ Kf6 34. Rc7 Rc5+ 35. Kd3 Rd5+ 36. Kc3 Rc5+ 37.
Kd3 Rd5+ 38. Kc2 Rc5+ 39. Kd2 Rd5+ 40. Kc2 Rc5+ 41. Kd3 Rd5+ 42. Kc3 Rc5+ 43. Kd3 Rd5+ 1/2-1/2

[Event "*** Qualifier 1: Titled Tuesday 3|2 Blitz"]
[Site "Chess.com"]
[Date "2017.04.04"]
[Round "7"]
[White "Ginger_GM"]
[Black "Rating-Schmating"]
[Result "1-0"]
[WhiteElo "2468"]
[BlackElo "2224"]
[TimeControl "180+2"]
[EndTime "14:39:51 PDT"]
[Termination "Ginger_GM won by checkmate"]

1. g4 d5 2. Bg2 Nc6 3. c4 e6 4.
Nf3 Nf6 5. g5 Ne4 6. d3 Nd6 7. b3 h6 8. h4 hxg5 9. hxg5 Rxh1+ 10.
Bxh1 Be7 11. Nc3 d4 12. Nb5 e5 13. Nxd6+ Bxd6 14. a3 a5 15. Qc2 Bg4 16. Bd2 Qd7 17.
c5 Be7 18. Rc1 Qf5 19. b4 Bxf3 20. Bxf3 Bxg5 21. b5 Nd8 22. Qc4 Bxd2+ 23. Kxd2 Qg5+ 24. Kc2 c6 25. Rh1 Qe7 26. bxc6 bxc6 27. Bxc6+ Nxc6 28. Rh8+ Kd7 29. Rxa8 e4 30. Qd5+ Kc7 31. dxe4 Kb7 32. Rxa5 Qc7 33. Rb5+ Ka7 34. Qd6 Qc8 35. Rb6 Na5 36.
Qxd4 Qg4 37. f3 Qc8 38. c6 Ka8 39. Qc5 Nb7 40. cxb7+ Ka7 41. Rc6+ Kxb7 42. Qb6+ Ka8 43. Rxc8# 1-0

[Event "*** Qualifier 1: Titled Tuesday 3|2 Blitz"]
[Site "Chess.com"]
[Date "2017.04.04"]
[Round "7"]
[White "Tirantes"]
[Black "GameOverBro"]
[Result "1/2-1/2"]
[WhiteElo "2207"]
[BlackElo "2248"]
[TimeControl "180+2"]
[EndTime "14:39:52 PDT"]
[Termination "Game drawn by repetition"]

1. c4 Nf6 2. g3 d6 3. Bg2 Nbd7 4.
Nc3 e5 5. e4 Be7 6. Nge2 O-O 7.
O-O c6 8. d3 a6 9. h3 b5 10. Be3 b4 11. Na4 d5 12. cxd5 cxd5 13. exd5 Rb8 14. a3 Bb7 15. axb4 Nxd5 16. Ba7 Ra8 17.
Bc5 Rb8 18. Qd2 Nxb4 19. Bxb7 Rxb7 20. Bxe7 Qxe7 21. d4 Rd8 22. Rfe1 Qf6 23. Rad1 Qc6 24. Nac3 Nf6 25. Qc1 e4 26. Nf4 Qc4 27. d5 Nd3 28.
Nxd3 exd3 29. Qe3 Rxb2 30. Qxd3 Qc8 31. Kg2 Rb3 32. Rc1 Qa8 33. Kh2 h5 34. Qd4 a5 35.
d6 a4 36. Qxa4 Qf3 37. Qxb3 Qxf2+ 38. Kh1 Qf3+ 39. Kh2 Qf2+ 40. Kh1 Qf3+ 41. Kh2 Qf2+ 42. Kh1 Qf3+ 1/2-1/2

[Event "*** Qualifier 1: Titled Tuesday 3|2 Blitz"]
[Site "Chess.com"]
[Date "2017.04.04"]
[Round "7"]
[White "ruvat"]
[Black "dolynachess"]
[Result "0-1"]
[WhiteElo "2226"]
[BlackElo "2301"]
[TimeControl "180+2"]
[EndTime "14:39:54 PDT"]
[Termination "dolynachess won on time"]

1. d4 Nf6 2. c4 c5 3. d5 b5 4. Nf3 g6 5. cxb5 a6 6. b6 d6 7. Nc3 Nbd7 8. e4 Bg7 9. Bd3 O-O 10.
O-O Qxb6 11. h3 Ne8 12. Rb1 Nc7 13. a4 Rb8 14. Bd2 Ne5 15. Nxe5 Bxe5 16. b3 e6 17. Bc4 exd5 18. Nxd5 Nxd5 19. Bxd5 Be6 20. Bh6 Rfe8 21. Be3 Bxd5 22. Qxd5 Qb7 23. Qc4 Qc6 24. Rfd1 Rb4 25. Qd5 Qxd5 26. exd5 Reb8 27. Re1 Bc3 28.
Red1 Rxb3 29. Rxb3 Rxb3 30. Bf4 Rb6 31. Rd3 Bb4 32.
Re3 c4 33. Bh6 Rb8 34. Re7 Rc8 35. Ra7 a5 36. Bc1 Kg7 37. g4 Rc5 38. g5 Rxd5 39. Be3 c3 0-1

[Event "*** Qualifier 1: Titled Tuesday 3|2 Blitz"]
[Site "Chess.com"]
[Date "2017.04.04"]
[Round "7"]
[White "DryCounty"]
[Black "pKiLz5Rn9b"]
[Result "0-1"]
[WhiteElo "2467"]
[BlackElo "2604"]
[TimeControl "180+2"]
[EndTime "14:40:03 PDT"]
[Termination "pKiLz5Rn9b won by resignation"]

1. Nf3 Nf6 2. c4 e6 3. g3 b6 4. Bg2 Bb7 5. O-O c5 6. b3 d5 7. e3 Be7 8. Bb2 O-O 9. Nc3 Nc6 10.
cxd5 Nxd5 11. Nxd5 exd5 12. d4 Bf6 13. Qd2 Rc8 14.
Rac1 c4 15. bxc4 dxc4 16. Rfd1 Ne7 17. Ba3 Re8 18. Qe2 b5 19. e4 g6 20. e5 Bg7 21. e6 Bd5 22. exf7+ Bxf7 23. Ne5 Bd5 24.
Bxe7 Rxe7 25. a4 a6 26. axb5 axb5 27. Qg4 Bxg2 28. Kxg2 Qd5+ 29. Kg1 Rd8 30. h4 c3 31. h5 gxh5 32. Qxh5 b4 33. Qh4 Ree8 34. Ng4 Qf5 35.
Re1 Rxe1+ 36. Rxe1 Rc8 37. Re7 c2 38. Rxg7+ Kxg7 39. Qe7+ Kh8 40. Nf6 c1=Q+ 41. Kg2 Qc6+ 42. d5 Qcxf6 0-1

[Event "*** Qualifier 1: Titled Tuesday 3|2 Blitz"]
[Site "Chess.com"]
[Date "2017.04.04"]
[Round "7"]
[White "yian123"]
[Black "Kacparov"]
[Result "1-0"]
[WhiteElo "2415"]
[BlackElo "2583"]
[TimeControl "180+2"]
[EndTime "14:40:06 PDT"]
[Termination "yian123 won by resignation"]

1. e4 c5 2. Nf3 e6 3. d4 cxd4 4.
Nxd4 Nc6 5. Nc3 Qc7 6. Be3 a6 7. Qf3 Nf6 8. O-O-O Ne5 9. Qg3 h5 10. Bg5 d6 11. f4 Ned7 12. Be2 b5 13. Bf3 Bb7 14.
Rhe1 e5 15. Nf5 g6 16. Ne3 Bg7 17. f5 b4 18. Ncd5 Bxd5 19. Nxd5 Nxd5 20. Rxd5 Rc8 21. Re2 f6 22. Be3 g5 23. Red2 Bf8 24. Be2 Qc6 25.
Qh3 h4 26. Kb1 Be7 27. Qf3 Kf7 28. Qf1 Ra8 29. Bc4 Kg7 30. b3 Nb6 31. Bxb6 Qxb6 32.
Qf2 Qc7 33. Qe2 a5 34. Rb5 Ra7 35. Qd3 Rf8 36. Qe2 Kh6 37. g3 hxg3 38. hxg3 Kg7 39. Qh5 1-0

[Event "*** Qualifier 1: Titled Tuesday 3|2 Blitz"]
[Site "Chess.com"]
[Date "2017.04.04"]
[Round "7"]
[White "FLchessplayer"]
[Black "Bengalas"]
[Result "0-1"]
[WhiteElo "2042"]
[BlackElo "2387"]
[TimeControl "180+2"]
[EndTime "14:40:08 PDT"]
[Termination "Bengalas won on time"]

1. Nf3 c5 2. g3 Nc6 3. Bg2 g6 4. O-O Bg7 5. d3 d6 6. c3 e5 7. Qc2 Nge7 8. a4 O-O 9. h3 h6 10.
Nbd2 Be6 11. Ne4 f5 12. Ned2 g5 13. Re1 Qd7 14. Kh2 Ng6 15. Nf1 Kh7 16. c4 g4 17. Ng1 h5 18. e3 Nb4 19. Qb3 d5 20. a5 dxc4 21. dxc4 Nd3 22. Rd1 e4 23. Ne2 Nge5 24.
Ra4 Rfd8 25. Kg1 Rab8 26. h4 Bf7 27. Nf4 b5 28. axb6 axb6 29. Qc2 Bh6 30. Nd2 Nxc1 31. Qxc1 Bxf4 32. exf4 Qxa4 33. fxe5 Qe8 34. Nf1 Qxe5 35. Re1 Rd4 36. b3 Rbd8 0-1

[Event "*** Qualifier 1: Titled Tuesday 3|2 Blitz"]
[Site "Chess.com"]
[Date "2017.04.04"]
[Round "7"]
[White "FearNoEvil12"]
[Black "dhanushbharadwaj"]
[Result "0-1"]
[WhiteElo "2099"]
[BlackElo "2424"]
[TimeControl "180+2"]
[EndTime "14:40:18 PDT"]
[Termination "dhanushbharadwaj won by resignation"]

1. c4 g6 2. Nc3 Bg7 3. e4 d6 4. d4 Nf6 5. Be2 O-O 6. f4 c5 7. Nf3 e6 8. e5 dxe5 9. dxe5 Nfd7 10.
O-O Nc6 11. Be3 a6 12. a4 Qc7 13. Ne4 b6 14. Qd6 Qxd6 15. Nxd6 f6 16. exf6 Bxf6 17. Rad1 Nd4 18. Nxd4 cxd4 19. Bxd4 Bxd4+ 20. Rxd4 Nc5 21. Bd1 Bd7 22. b4 Nxa4 23. Ne4 Bc6 24. Ng5 b5 25.
Rd6 Rac8 26. c5 Nc3 27. Bb3 Bd5 28. Bxd5 exd5 29. Rxa6 d4 30. Ne6 Rf6 31. Rd6 d3 32.
Rf3 Rxe6 33. Rfxd3 Ne2+ 34. Kf2 Nxf4 35. R3d4 Rxd6 36.
Rxd6 Kf7 37. Rb6 Nd3+ 38. Ke3 Nxb4 39. Rxb5 Nd5+ 40. Kf3 Ne7 41. h4 Rc6 42. g4 Ke6 43.
Kf4 h6 44. Rb6 Rxb6 45. cxb6 Nd5+ 46. Ke4 Nxb6 47. Kd4 Nd5 48. Ke4 Ne7 49. Kd4 Kf6 50. Ke4 Nc6 51. Kf4 Ne5 52. g5+ hxg5+ 53. hxg5+ Ke6 54.
Ke4 Nf7 55. Kf4 Kd5 56. Kg4 Ke5 57. Kh4 Kf5 0-1